 Dungeon Crawl Stone Soup version 0.29.1-2-gbd0b4ee654 (webtiles) character file.

Game seed: 2467984163257660072

97323 Earthwalker the Warrior (level 15, -6/152 HPs)
             Began as a Minotaur Fighter on Oct 23, 2022.
             Was the Champion of Okawaru.
             Mangled by a guardian serpent (9 damage)
             ... summoned by a halazid warlock
             ... in the Desolation of Salt.
             The game lasted 02:07:52 (27829 turns).

Earthwalker the Warrior (Minotaur Fighter)         Turns: 27829, Time: 02:07:52

Health: -6/152     AC: 20    Str: 23    XL:     15   Next: 71%
Magic:  19/19      EV:  7    Int:  9    God:    Okawaru [******]
Gold:   1525       SH: 30    Dex: 10    Spells: 14/14 levels left

rFire   + + +      SeeInvis .   o - +8 war axe "Riehaxt" {venom, rF+ Int+4}
rCold   . . .      Faith    .   W - +8 tower shield of the Great Game {rElec rF++ Regen+ Str-5}
rNeg    . . .      Spirit   .   h - +1 plate armour
rPois   +          Reflect  +   (helmet restricted)
rElec   +          Harm     .   J - +1 cloak {Will+}
rCorr   +          Rampage  .   (no gloves)
Will    ++...                   (no boots)
Stlth   ..........              k - amulet of reflection
HPRegen 1.15/turn               y - ring of resist corrosion
MPRegen 0.16/turn               C - ring of poison resistance

@: no status effects
A: horns 2, retaliatory headbutt
a: Renounce Religion, Heroism, Finesse, Duel


You were in the Desolation of Salt.
You worshipped Okawaru.
Okawaru was exalted by your worship.
You visited 6 branches of the dungeon, and saw 18 of its levels.
You visited 1 bazaar.
You also visited: Bailey and Desolation.

You collected 1879 gold pieces.
You spent 354 gold pieces at shops.

Inventory:

Hand Weapons
 a - a +5 vorpal war axe
 g - a +4 vorpal broad axe
 o - the +8 war axe "Riehaxt" (weapon) {venom, rF+ Int+4}
   (Okawaru gifted it to you on level 2 of the Elven Halls)

   It poisons the flesh of those it strikes.
   Int:       It affects your intelligence (+4).
   rF:        It protects you from fire.
 S - a +2 hand axe of venom
Missiles
 j - 15 poisoned darts
 p - 8 boomerangs (quivered)
 T - a curare-tipped dart
 V - 3 throwing nets
 X - 3 javelins
 Y - 3 silver javelins
Armour
 b - a +0 scale mail
 c - a +0 buckler
 h - a +1 plate armour (worn)
 r - the +1 leather armour of Sloth {Rampage rF++ Dex-4 Stlth+}
   (You found it on level 3 of the Dungeon)

   Dex:       It affects your dexterity (-4).
   rF:        It greatly protects you from fire.
   Rampage:   It bestows one free step when moving towards enemies.
   Stlth:     It makes you more stealthy.
 u - the +5 ring mail of the Heavens {rCorr Slay+3}
   (You found it on level 4 of the Dungeon)

   Slay:      It affects your accuracy & damage with ranged weapons and melee
   (+3).
   rCorr:     It protects you from acid and corrosion.
 J - a +1 cloak of willpower (worn)
 O - the +7 kite shield "Wenufu" {Rampage}
   (Okawaru gifted it to you on level 2 of the Lair of Beasts)

   Rampage:   It bestows one free step when moving towards enemies.
 W - the +8 tower shield of the Great Game (worn) {rElec rF++ Regen+ Str-5}
   (Okawaru gifted it to you on level 2 of the Orcish Mines)

   Str:       It affects your strength (-5).
   rF:        It greatly protects you from fire.
   rElec:     It insulates you from electricity.
   Regen:     It increases your rate of health regeneration.
 Z - a +0 cloak of willpower
Jewellery
 k - an amulet of reflection (around neck)
 y - a ring of resist corrosion (left hand)
 C - a ring of poison resistance (right hand)
 G - the amulet of the Four Winds {rN+ Will+++ Clar}
   (You took it off a deep elf pyromancer on level 1 of the Elven Halls)

   [amulet of nothing]

   rN:        It protects you from negative energy.
   Clar:      It protects you against confusion.
   Will:      It greatly increases your willpower.
 H - an amulet of faith
 K - an amulet of the acrobat
 L - a +6 ring of dexterity
Wands
 l - a wand of roots (18)
 n - a wand of paralysis (8)
 t - a wand of digging (8)
 E - a wand of flame (14)
 F - a wand of polymorph (5)
Scrolls
 w - 3 scrolls of noise
 x - 2 scrolls of teleportation
 z - 2 scrolls of butterflies
 A - 2 scrolls of summoning
 B - 2 scrolls of blinking
 D - a scroll of poison
 Q - a scroll of silence
Potions
 d - 4 potions of might
 e - 4 potions of haste
 f - 8 potions of curing
 i - 4 potions of attraction
 q - 4 potions of magic
 s - 3 potions of invisibility
 v - 2 potions of mutation
 I - 3 potions of cancellation
 M - 2 potions of brilliance
 N - a potion of degeneration {unknown}
 P - 2 potions of lignification {unknown}
 R - a potion of flight {unknown}


   Skills:
 * Level 19.3 Fighting
 + Level 14.9 Axes
 + Level 6.7 Throwing
 + Level 15.1 Armour
 + Level 7.4 Dodging
 + Level 15.1 Shields
 + Level 6.7 Invocations
 + Level 6.2 Evocations


You had 14 spell levels left.
You didn't know any spells.
Your spell library contained the following spells:

 Spells                   Type           Power      Damage    Failure   Level
 Sublimation of Blood     Necr           0%         N/A       100%        2
 Wereblood                Tmut           0%         N/A       100%        2
 Gell's Gravitas          Tloc           0%         N/A       100%        3
 Spider Form              Tmut/Pois      0%         N/A       100%        3
 Teleport Other           Tloc           0%         N/A       100%        3
 Iskenderun's Battlesphe  Conj           0%         2d6       100%        5
 Dispersal                Tloc           0%         N/A       100%        6
 Iron Shot                Conj/Erth      0%         9d1       100%        6
 Statue Form              Tmut/Erth      0%         N/A       100%        6
 Storm Form               Tmut/Air       0%         N/A       100%        7
 Maxwell's Capacitive Co  Air            0%         ∞         100%        8
 Necromutation            Tmut/Necr      0%         N/A       100%        8
 Summon Lightning Spire   Summ/Air       Unusable   N/A       N/A         4
 Spellforged Servitor     Conj/Summ      Unusable   N/A       N/A         7
 Summon Hydra             Summ           Unusable   N/A       N/A         7

Dungeon Overview and Level Annotations

Branches:
Dungeon (10/15)            Temple (1/1) D:6            Lair (2/5) D:10
 Spider (1/4) Lair:2          Orc (2/2) D:9             Elf (2/3) Orc:2
 Bailey (visited)         Desolation (1/1)
  Swamp: Lair:2-3    Shoals: Lair:2-3

Altars:
Ashenzari
Cheibriados
Dithmenos
Elyvilon
Fedhas
Gozag
Hepliaklqana
Makhleb
Nemelex Xobeh
Okawaru
Ru
Sif Muna
Trog
Uskayaw
Vehumet
Wu Jian
Xom
Yredelemnul
Zin
The Shining One

Shops:
D:3 [   Orc:1 [   Orc:2 [[=[   Elf:2 *

Annotations:
D:7 3 runed translucent doors, Elsvaer's ghost, novice DECj


Innate Abilities, Weirdness & Mutations

You have a pair of horns on your head.
You reflexively headbutt those who attack you in melee.


Message History

The peacekeeper dissolves into shadows!
The saltling dissolves into shadows! x2
The guardian serpent hits you. You block the saltling's attack. x2
The ragged hierophant casts a spell at you.
A blast of power from the earth and the adjacent constructs strikes you!
The ironbound convoker hits you with a +0 great mace.
You block the halazid warlock's attack.
The molten gargoyle hits you with a +0 morningstar.
You are engulfed in flames.
You resist.
You slash the guardian serpent!
The guardian serpent is poisoned.
You headbutt the guardian serpent, but do no damage.
The guardian serpent is severely wounded.
You barely miss the saltling. You slash the halazid warlock!
You hit the saltling but do no damage. You hit the saltling.
You hit the molten gargoyle.
You destroy the molten gargoyle!
Okawaru accepts your kill.
You slash the ironbound convoker!
You kill the ironbound convoker!
Okawaru accepts your kill. The guardian serpent hits you.
You block the saltling's attack. x2
The saltling hits you but does no damage.
The guardian serpent hits you but does no damage.
You miss the guardian serpent.
You headbutt the guardian serpent, but do no damage.
The guardian serpent is severely wounded.
You hit the saltling but do no damage. You slash the guardian serpent!
You slash the peacekeeper! You hit the saltling. You hit the halazid warlock.
You completely miss the saltling. You block the peacekeeper's attack.
The peacekeeper claws you but does no damage.
The guardian serpent hits you but does no damage.
The halazid warlock casts a spell at you.
The bolt of cold hits you!!!
* * * LOW HITPOINT WARNING * * *
You block the saltling's attack.
You block the guardian serpent's attack.
The saltling hits you!
* * * LOW HITPOINT WARNING * * *
The saltling hits you but does no damage.
The guardian serpent hits you!
You die...

.................................
......#..........................
................................#
............................#...#
..).............................#
............................
............................
)..............9S9a.........
........#......9@Sa.........
∩..............99L9.........
................99.9........
)...........................
..................####...... .#
..................#..#.8.... ..
..................#..#...#.. ..
................##...####... ..
#..................).### #.. ..


You could see a ragged hierophant, a servant of whispers (stilling wind), a
halazid warlock, a peacekeeper (summoned), 2 guardian serpents and 8 saltlings.

Vanquished Creatures
  Roxanne (Spider:1)
  An imperial myrmidon (Desolation)
  An orc warlord (D:9)
  2 angels (Elf:2)
  A deep elf demonologist (Elf:1)
  A halazid warlock (Desolation)
  4 deep elf death magi (Elf:1)
  4 ragged hierophants (Desolation)
  A hydra (D:9)
  2 vault guards (Bailey)
  2 peacekeepers (Desolation)
  3 servants of whispers
  3 boulder beetles
  A jorogumo (Spider:1)
  4 two-headed ogres
  8 dancing weapons
  8 deep elf knights
  2 orc high priests
  2 orb spiders (Spider:1)
  5 deep elf archers
  12 deep elf pyromancers
  2 ironbound convokers (Desolation)
  Pikel (D:6)
  An oklob plant (Orc:2)
  4 orc sorcerers
  11 orc knights
  2 wolf spiders (Spider:1)
  22 deep elf zephyrmancers
  A cyclops (Orc:2)
  A black mamba (Lair:1)
  Maurice (D:8)
  A torpor snail (Lair:2)
  2 guardian serpents (Desolation)
  4 cane toads
  3 molten gargoyles
  5 demonic crawlers
  A kobold demonologist (D:9)
  5 komodo dragons
  A queen bee (D:10)
  6 trolls
  A polar bear (Lair:1)
  Prince Ribbit (D:7)
  2 tarantellas (Spider:1)
  A hornet (D:10)
  8 blink frogs
  36 saltlings
  7 culicivoras (Spider:1)
  A water elemental (Elf:2)
  5 jumping spiders
  6 wyverns
  A shadow (D:10)
  A fire elemental (Lair:2)
  A basilisk (Lair:1)
  Grum (D:8)
  23 yaks
  6 humans (Bailey)
  17 redbacks
  3 wargs
  9 water moccasins
  2 acid dragons (D:10)
  4 ice beasts
  29 orc warriors
  A sky beast (D:7)
  4 black bears
  8 ogres
  3 centaurs
  14 wolves
  A lemure (D:6)
  3 kobold brigands
  A gnoll sergeant (D:9)
  A necrophage (D:6)
  21 bullfrogs
  4 scorpions
  3 earth elementals (Elf:1)
  3 wights (D:7)
  15 killer bees (D:10)
  5 electric eels
  A howler monkey (D:10)
  A lava snake (Lair:2)
  A jelly (D:5)
  14 orc priests
  A hound (D:4)
  An iguana (D:6)
  18 orc wizards
  6 hell rats (Lair:1)
  6 gnolls
  6 adders
  2 shadow imps
  A white imp (D:5)
  3 ufetubi
  A worm (D:3)
  4 dart slugs
  96 orcs
  8 endoplasms
  6 giant cockroaches
  10 goblins
  9 hobgoblins
  6 jackals (D:2)
  22 kobolds
  A quokka (D:1)
  7 ball pythons
  3 bats
  3 frilled lizards
  8 rats
  9 pillars of salt (Orc:2)
648 creatures vanquished.

Vanquished Creatures (others)
  A deep elf knight (Elf:1)
  3 deep elf pyromancers
  7 fungi
  11 pillars of salt
  50 plants
  A withered plant (Desolation)
73 creatures vanquished.

Grand Total: 721 creatures vanquished

Notes
Turn   | Place    | Note
-------+----------+-------------------------------------------
     0 | D:1      | Earthwalker the Minotaur Fighter began the quest for the
                  | Orb.
     0 | D:1      | Reached XP level 1. HP: 19/19 MP: 0/0
   141 | D:1      | Reached XP level 2. HP: 27/27 MP: 1/1
   404 | D:1      | Reached skill level 4 in Fighting
   695 | D:1      | Reached XP level 3. HP: 33/33 MP: 2/2
  1541 | D:2      | Reached XP level 4. HP: 40/41 MP: 3/3
  2430 | D:3      | Found a faded altar of an unknown god.
  2496 | D:3      | Found Waohah's Antique Armour Emporium.
  2608 | D:3      | Identified the +1 leather armour of Sloth {Rampage rF++
                  | Dex-4 Stlth+}
  2931 | D:4      | Noticed a scorpion
  2938 | D:4      | Killed a scorpion
  2939 | D:4      | Reached XP level 5. HP: 46/47 MP: 4/4
  3113 | D:4      | Identified the +5 ring mail of the Heavens {rCorr Slay+3}
  3209 | D:4      | Reached skill level 5 in Fighting
  3209 | D:4      | Reached skill level 5 in Armour
  3266 | D:4      | Reached skill level 5 in Shields
  3266 | D:4      | Reached XP level 6. HP: 56/56 MP: 5/5
  3581 | D:5      | Entered Level 5 of the Dungeon
  4054 | D:5      | Noticed an ice beast
  4060 | D:5      | Killed an ice beast
  4061 | D:5      | Reached skill level 5 in Axes
  4061 | D:5      | Reached XP level 7. HP: 62/62 MP: 6/6
  4421 | D:5      | Reached skill level 6 in Fighting
  4785 | D:6      | Found a radiant altar of Vehumet.
  4867 | D:6      | Reached XP level 8. HP: 20/71 MP: 7/7
  5239 | D:6      | Reached skill level 7 in Fighting
  5373 | D:6      | Found a broken altar of Ashenzari.
  5876 | D:6      | Found a staircase to the Ecumenical Temple.
  5886 | Temple   | Entered the Ecumenical Temple
  6009 | Temple   | Became a worshipper of Warmaster Okawaru
  6604 | D:7      | Noticed Pikel
  6655 | D:6      | Killed Pikel
  6655 | D:6      | Reached * piety under Okawaru
  6656 | D:6      | Reached skill level 8 in Fighting
  6656 | D:6      | Reached XP level 9. HP: 46/81 MP: 8/8
  6818 | D:7      | Found a bloodstained altar of Trog.
  6906 | D:7      | Identified the +7 falchion of Sunlight {vorpal, *Rage rN+
                  | Str+5 Stlth+}
  7006 | D:7      | Noticed Prince Ribbit
  7016 | D:7      | Reached ** piety under Okawaru
  7027 | D:7      | Killed Prince Ribbit
  7174 | D:7      | Found a runed translucent gate.
  7174 | D:7      | Found a runed translucent gate.
  7174 | D:7      | Found a runed translucent gate.
  7180 | D:7      | Noticed Elsvaer's ghost (novice DECj)
  7180 | D:7      | Noticed a spectral unseen horror
  7402 | D:8      | Reached skill level 9 in Fighting
  7417 | D:8      | Found a flagged portal.
  7467 | Bailey   | Entered a bailey
  7588 | Bailey   | Reached *** piety under Okawaru
  7593 | Bailey   | Reached XP level 10. HP: 70/91 MP: 9/9
  7775 | Bailey   | Noticed a vault guard
  7833 | Bailey   | Killed a vault guard
  7833 | Bailey   | Reached **** piety under Okawaru
  7834 | Bailey   | Reached skill level 10 in Armour
  7890 | Bailey   | Reached skill level 10 in Fighting
  7890 | Bailey   | Reached skill level 10 in Shields
  8188 | Bailey   | Noticed a vault guard
  8206 | Bailey   | Killed a vault guard
  8207 | Bailey   | Reached skill level 10 in Axes
  8532 | D:8      | Noticed Grum
  8545 | D:8      | Killed Grum
  8748 | D:8      | Reached ***** piety under Okawaru
  8846 | D:8      | Noticed Maurice
  8854 | D:8      | Killed Maurice
  8964 | D:8      | Noticed a boulder beetle
  8989 | D:8      | Killed a boulder beetle
  8990 | D:8      | Reached XP level 11. HP: 93/101 MP: 10/10
  9205 | D:8      | Found a glowing silver altar of Zin.
  9223 | D:8      | Found a blossoming altar of Fedhas.
  9441 | D:9      | Reached skill level 11 in Fighting
  9649 | D:9      | Found a staircase to the Orcish Mines.
  9730 | D:9      | Noticed a seven-headed hydra
  9734 | D:10     | Entered Level 10 of the Dungeon
  9751 | D:10     | Noticed a seven-headed hydra
  9777 | D:10     | Identified a scroll of acquirement
  9777 | D:10     | Acquired a manual of Fighting
 11099 | D:10     | Found a sacrificial altar of Ru.
 11917 | D:10     | Reached ****** piety under Okawaru
 11953 | D:10     | Reached skill level 12 in Fighting
 12588 | D:10     | Received a gift from Okawaru
 12604 | D:10     | Found a staircase to the Lair.
 12825 | Lair:1   | Entered Level 1 of the Lair of Beasts
 13311 | Lair:1   | Reached skill level 13 in Fighting
 13663 | Lair:1   | Reached XP level 12. HP: 108/115 MP: 11/11
 14254 | Lair:2   | Found a hole to the Spider Nest.
 14656 | Lair:2   | Noticed a five-headed hydra
 14958 | Lair:1   | Received a gift from Okawaru
 15034 | Lair:1   | Reached skill level 14 in Fighting
 16417 | Lair:2   | Identified the +7 kite shield "Wenufu" {Rampage} (Okawaru
                  | gifted it to you on level 2 of the Lair of Beasts)
 16417 | Lair:2   | Received a gift from Okawaru
 16446 | Lair:2   | Reached skill level 1 in Dodging
 17279 | D:9      | Killed an 11-headed hydra
 17280 | D:9      | Reached skill level 1 in Throwing
 17280 | D:9      | Reached skill level 1 in Invocations
 17280 | D:9      | Reached skill level 1 in Evocations
 17405 | Orc:1    | Entered Level 1 of the Orcish Mines
 17432 | D:9      | Reached skill level 15 in Fighting
 17819 | Orc:1    | Noticed an orc warlord
 17878 | D:9      | Killed an orc warlord
 18459 | Orc:1    | Found Biemepoa's Antique Armour Emporium.
 18574 | Orc:2    | Entered Level 2 of the Orcish Mines
 19373 | Orc:1    | Reached XP level 13. HP: 127/127 MP: 13/13
 19945 | Orc:2    | Found a staircase to the Elven Halls.
 20255 | Orc:2    | Reached skill level 16 in Fighting
 20876 | Orc:1    | Received a gift from Okawaru
 21310 | Orc:2    | Paralysed by an orc sorcerer for 2 turns
 21340 | Orc:2    | Received a gift from Okawaru
 21817 | Orc:2    | Identified the +8 tower shield of the Great Game {rElec
                  | rF++ Regen+ Str-5} (Okawaru gifted it to you on level 2 of
                  | the Orcish Mines)
 21817 | Orc:2    | Received a gift from Okawaru
 21940 | Orc:2    | Reached skill level 17 in Fighting
 21964 | Orc:2    | Found Ridaum's Armour Emporium.
 21975 | Orc:2    | Found Caph's Armour Boutique.
 21977 | Orc:2    | Found Ewkarolu's Jewellery Boutique.
 21986 | Orc:2    | Found Jaypruiv's Armour Shop.
 22033 | Orc:2    | Paralysed by an orc sorcerer for 2 turns
 22374 | Elf:1    | Entered Level 1 of the Elven Halls
 22484 | Elf:1    | Found a flickering gateway to a bazaar.
 22538 | Bazaar   | Entered a bazaar
 22538 | Bazaar   | Found Loaja's Assorted Antiques.
 22538 | Bazaar   | Found Gudah's General Store.
 22538 | Bazaar   | Found Kodebb's Assorted Antiques.
 22554 | Bazaar   | Bought a scroll of identify for 52 gold pieces
 22554 | Bazaar   | Bought a scroll of identify for 52 gold pieces
 22554 | Bazaar   | Bought a fuming golden potion for 23 gold pieces
 22560 | Bazaar   | Bought a scroll of poison for 40 gold pieces
 22562 | Bazaar   | Bought a scroll of magic mapping for 112 gold pieces
 22562 | Bazaar   | Bought a scroll of teleportation for 45 gold pieces
 22562 | Bazaar   | Bought a scroll of identify for 30 gold pieces
 22680 | Orc:2    | Reached XP level 14. HP: 128/140 MP: 16/16
 22953 | Elf:1    | Reached skill level 5 in Dodging
 23216 | Spider:1 | Entered Level 1 of the Spider Nest
 23589 | Spider:1 | Received a gift from Okawaru
 23661 | Spider:1 | Reached skill level 18 in Fighting
 23968 | Spider:1 | Reached skill level 5 in Throwing
 24049 | Spider:1 | Reached skill level 5 in Invocations
 24388 | Spider:1 | Paralysed by a jorogumo for 1 turns
 24402 | Spider:1 | Paralysed by a jorogumo for 2 turns
 24652 | Spider:1 | Identified Roxanne's Vellum of Shaping
 24652 | Spider:1 | Noticed Roxanne
 24723 | Spider:1 | Killed Roxanne
 25379 | Elf:1    | Paralysed by an air elemental for 1 turns
 25386 | Elf:1    | Noticed an Ice Fiend
 25564 | Elf:1    | Reached skill level 5 in Evocations
 26125 | Elf:1    | Received a gift from Okawaru
 26288 | Elf:1    | Reached XP level 15. HP: 150/150 MP: 18/18
 26771 | Elf:2    | Identified the +8 war axe "Riehaxt" {venom, rF+ Int+4}
                  | (Okawaru gifted it to you on level 2 of the Elven Halls)
 26771 | Elf:2    | Received a gift from Okawaru
 26792 | Elf:2    | Found Myufoj's Assorted Antiques.
 26851 | Elf:2    | Found a glowing golden altar of the Shining One.
 26853 | Elf:2    | Found a crumbling gateway.
 26853 | Elf:2    | Found a white marble altar of Elyvilon.
 26902 | Elf:2    | Found a glowing silver altar of Zin.
 26949 | Elf:2    | Reached skill level 19 in Fighting
 27106 | Desolati | Entered the Desolation of Salt
 27341 | Desolati | Noticed an imperial myrmidon
 27355 | Desolati | Killed an imperial myrmidon
 27408 | Desolati | Identified the +3 hand axe "Killer Bee's Death" {freeze,
                  | rPois Will+ Int-4} (Okawaru gifted it to you in the
                  | Desolation of Salt)
 27408 | Desolati | Received a gift from Okawaru
 27409 | Desolati | Reached skill level 15 in Shields
 27433 | Arena    | Entered the Arena
 27470 | Desolati | HP: 6/149 [servant of whispers/bolt of lightning (8)]
 27474 | Desolati | Reached skill level 15 in Armour
 27513 | Desolati | HP: 2/152 [ragged hierophant/a resonance strike (19)]
 27744 | Desolati | Found the +4 skin of Zhor {*Englaciate rC+++ SInv}
 27750 | Desolati | Identified the +4 trident "Vumoddene" {vorpal, Int+3}
 27829 | Desolati | HP: 3/152 [saltling[a halazid warlock] (13)]
 27829 | Desolati | Mangled by a guardian serpent

Illustrated notes

Levels and vault maps discovered:
D:1:      dpeg_arrival_prison, layout_rooms, serial_bayou_crossing
D:2:      layout_basic, serial_co_window_serial, co_window_corner_a,
          co_window_of_opportunity_a, co_window_corner_a,
          co_window_of_opportunity_a, co_window_corner_a, co_window_broadway_a,
          co_window_cross_3, co_window_unsneaky_path_e, co_window_paths_c,
          co_window_4corner_b, glass_columns_a, glass_columns_a,
          glass_columns_b, glass_columns_b, glass_columns_b,
          chequers_serial_rivers_small_a, st_stairs_5
D:3:      layout_loops_ring, chequers_ecumenical_altar_island, serial_shops,
          shop_coins
D:4:      layout_basic, minmay_crystal_room
D:5:      layout_basic, hangedman_abyss_or_decor_stabs, hangedman_decor_lopped
D:6:      layout_basic, nicolae_ashenzari_skybound, mainiacjoe_overflow_paths,
          temple_hall, roderic_lattice_a
D:7:      layout_loops_ring, kennysheep_mini_moat, gammafunk_ghost_necromancy,
          uniq_prince_ribbit1, uniq_pikel
D:8:      layout_gridville, mainiacjoe_overflow_big_doors, enter_bailey_3,
          uniq_maurice, uniq_grum
D:9:      layout_rooms, hiddenorc2_lemuel
D:10:     layout_basic, amethyst_overflow_temple_binary,
          nicolae_overflow_crystal_walls, erik_lair_dragon, chequers_jeans,
          nicolae_looking_at_the_future
Temple:   dpeg_chambers_temple
Lair:1:   layout_long_grid
Lair:2:   layout_gridlike, spider_nest_entry_a, st_stairs_4,
          serial_bayou_shore_b, grunt_megastairs_2
Spider:1: layout_spider_delve, nicolae_spider_webs_and_nodes, uniq_roxanne
Orc:1:    layout_caves, basic_altar, serial_shops, shop, nicolae_orc_lava_tube
Orc:2:    hellmonk_orc_salted, layout_diamond_mine, basic_altar, mines3_lemuel
Elf:1:    eino_elf_arrival_sip, layout_gridlike, serial_shops, bzr_entry_gold,
          minmay_elf_crystal_heptagon, item_on_display_a
Elf:2:    elven_hall_of_blades_hangedman_alternative [nicolae_blade_lattice],
          layout_loops_cross, portal_desolation_entry_holy_temple, serial_shops,
          shop
Desolation

Skill      XL: |  1  2  3  4  5  6  7  8  9 10 11 12 13 14 15 |
---------------+----------------------------------------------+-----
Armour         | 4 5 6 8 9 10 12 13 14 15 | 15.1
Fighting       | 4 5 6 8 9 10 13 15 17 18 19 | 19.3
Shields        | 4 5 6 8 9 10 12 13 14 15 | 15.1
Axes           | 3 4 5 6 7 9 10 12 13 14 | 14.9
Dodging        | 2 4 6 7 |  7.4
Throwing       | 2 4 5 6 |  6.7
Invocations    | 2 4 5 6 |  6.7
Evocations     | 2 4 5 6 |  6.2

Action                   |  1- 3 |  4- 6 |  7- 9 | 10-12 | 13-15 || total
-------------------------+-------+-------+-------+-------+-------++-------
Melee: War axe           |    98 |   103 |   205 |    60 |   265 ||   731
       Headbutt          |    11 |    20 |    31 |   136 |   238 ||   436
       Broad axe         |       |       |       |   666 |   794 ||  1460
Throw: Boomerang         |       |       |    28 |    59 |    84 ||   171
       Dart              |       |       |       |    28 |       ||    28
       Throwing net      |       |       |       |     9 |       ||     9
Invok: Heroism           |       |       |       |     2 |     2 ||     4
       Finesse           |       |       |       |     1 |     2 ||     3
       Duel              |       |       |       |       |     1 ||     1
Evoke: Wand              |       |       |       |     7 |       ||     7
  Use: Scroll            |       |       |       |    25 |    18 ||    43
       Potion            |       |       |       |     2 |     5 ||     7
Armor: Scale mail        |    27 |    22 |       |       |       ||    49
       Ring mail         |       |    23 |    85 |    10 |       ||   118
       Plate armour      |       |       |       |   333 |   249 ||   582
Dodge: Dodged            |    49 |    30 |    55 |   172 |   115 ||   421
Block: Buckler           |    35 |    55 |   108 |   368 |       ||   566
       Reflection        |       |     2 |     5 |    23 |    51 ||    81
       Kite shield       |       |       |       |   210 |   200 ||   410
       Tower shield      |       |       |       |       |  1052 ||  1052
